 Dungeon Crawl Stone Soup version 0.21-a0-265-gb353147 (webtiles) character file.

154 Monsterracer the Covered (level 5, -1/50 HPs)
             Began as a Deep Dwarf Fighter on Sept 12, 2017.
             Slain by Grinder (4 damage)
             ... while paralysed by Grinder
             ... on level 3 of the Dungeon.
             The game lasted 00:02:33 (1617 turns).

Monsterracer the Covered (Deep Dwarf Fighter)       Turns: 1617, Time: 00:02:33

Health: -1/50      AC: 13    Str: 26    XL:     5   Next: 13%
Magic:  5/5        EV:  2    Int:  8    God:
Gold:   171        SH:  0    Dex: 12    Spells: 4/4 levels left

rFire    + . .     SeeInvis .   a - +0 war axe
rCold    x . .     Gourm    .   c - +0 shield
rNeg     . . .     Faith    .   n - +0 plate armour
rPois    .         Spirit   .   h - +0 helmet
rElec    .         Reflect  .   (no cloak)
rCorr    .         Harm     .   (no gloves)
MR       .....                  (no boots)
Stlth    ..........             (no amulet)
HPRegen  0.00/turn              m - ring of fire
MPRegen  0.09/turn              w - ring of flight

@: paralysed, mighty, lethally poisoned (-1 -> -1), non-regenerating
A: damage resistance, heal wounds, sense surroundings 1, no regeneration
a: Heal Wounds, Evoke Flight


You were on level 3 of the Dungeon.
You were not hungry.

You visited 1 branch of the dungeon, and saw 3 of its levels.

You collected 171 gold pieces.

Inventory:

Hand Weapons
 a - a +0 war axe (weapon)
Missiles
 r - a throwing net (quivered)
Armour
 c - a +0 shield (worn)
 h - a +0 helmet (worn)
 n - a +0 plate armour (worn)
 o - a +0 large shield
Jewellery
 m - a ring of fire (left hand)
 w - a ring of flight (right hand)
Scrolls
 e - 2 scrolls of teleportation {unknown}
 j - 2 scrolls of enchant weapon {unknown}
 k - 4 scrolls of identify {unknown}
 l - a scroll of random uselessness {unknown}
 p - 2 scrolls of recharging {unknown}
 s - a scroll of magic mapping {unknown}
Potions
 b - a potion of heal wounds {unknown}
 i - a potion of haste {unknown}
 q - a potion of berserk rage {unknown}
 u - a potion of agility {unknown}
 v - 2 potions of curing {unknown}
Comestibles
 f - 4 bread rations
 g - 2 meat rations
 t - a royal jelly


   Skills:
 * Level 3.9 Fighting
 * Level 3.2 Axes
 + Level 4.1 Armour
 - Level 0.2 Dodging
 + Level 4.0 Shields


You had 4 spell levels left.
You didn't know any spells.

Dungeon Overview and Level Annotations

Branches:
Dungeon (3/15)

Altars:

Annotations:
D:3 Grinder


Innate Abilities, Weirdness & Mutations

You are resistant to damage.
You can heal yourself by infusing magical energy.
You passively map a small area around you.
You do not regenerate.


Message History

* * * LOW HITPOINT WARNING * * *
You block the kobold's attack.
Huge Dmg: -12%(-6hp) hp: 24%(12hp)
You slash the kobold!
You kill the kobold!
Grinder hits you.
You writhe in agony.
* * * LOW HITPOINT WARNING * * *
Huge Dmg: -10%(-5hp) hp: 14%(7hp)
You closely miss Grinder. Grinder barely misses you.
You slash Grinder!
Grinder is moderately wounded.
Grinder hits you but does no damage.
Grinder blinks!
Grinder gestures at you.
You suddenly lose the ability to move!
Grinder hits you.
* * * LOW HITPOINT WARNING * * *
You writhe in agony.
Grinder hits you but does no damage. Grinder hits you.
You die...

... , * , , #. , , * *
* *, , ,, , #### , , *
# #..# , .#,* * , , ,
#. #.[# , .# , * #.
#..), .# ##########
#.>##.####.#,#........#
#.)......# #.######..
#.#5@(..##.#.# ###
#....(.....#.#
#######(####.#######.
#.####.........
#..............
###############


You could see Grinder.

Vanquished Creatures
  Natasha (D:3)
  6 adders (D:3)
  A worm (D:3)
  3 dart slugs
  2 leopard geckos
  3 orcs (D:3)
  A ball python (D:1)
  5 goblins
  6 hobgoblins
  9 jackals
  2 quokkas (D:2)
  5 bats
  3 frilled lizards
  8 kobolds
  6 rats
61 creatures vanquished.

Notes
Turn   | Place    | Note
-------+----------+-------------------------------------------
     0 | D:1      | Monsterracer the Deep Dwarf Fighter began the quest for the Orb.
     0 | D:1      | Reached XP level 1. HP: 20/20 MP: 1/1
   105 | D:1      | Reached XP level 2. HP: 28/28 MP: 2/2
   876 | D:2      | Reached XP level 3. HP: 29/34 MP: 3/3
  1340 | D:3      | Reached XP level 4. HP: 29/43 MP: 4/4
  1501 | D:3      | Noticed Natasha
  1512 | D:3      | Killed Natasha
  1512 | D:3      | Reached XP level 5. HP: 49/50 MP: 5/5
  1600 | D:3      | Noticed Grinder
  1606 | D:3      | HP: 18/50 [Grinder/nerve-wracking pain (11)]
  1609 | D:3      | HP: 7/50 [Grinder (5)]
  1612 | D:3      | Paralysed by Grinder for 7 turns
  1615 | D:3      | HP: 3/50 [Grinder (4)]
  1617 | D:3      | Slain by Grinder

Vault maps used:
D:1:      enne_arrival_octagon_isle
D:2:      first_bread
D:3:      uniq_natasha, uniq_grinder

Skill      XL: |  1  2  3  4 |
---------------+-------------+-----
Fighting       | 3 |  3.9
Armour         | 4 |  4.1
Axes           | 3 |  3.2
Shields        | 4 |  4.0
Dodging        | |  0.2

Action                   |  1- 3 |  4- 6 || total
-------------------------+-------+-------++-------
Melee: War axe           |   154 |    78 ||   232
 Abil: Heal Wounds       |       |     1 ||     1
  Use: Potion            |       |     1 ||     1
  Eat: Chunk             |     2 |     1 ||     3
Armor: Scale mail        |    28 |       ||    28
       Plate armour      |    85 |    65 ||   150
Dodge: Dodged            |    34 |    22 ||    56
Block: Shield            |    92 |    52 ||   144

Table legend:
 A = Spawn XP
 B = Non-spawn XP
 C = Spawn XP percentage of total XP
 D = Spawn monster count
 E = Non-spawn monster count
 F = Spawn count percentage of total count
 G = Total turns spent on level
                    A         B        C        D         E        F      G
               +---------+---------+-------+---------+---------+-------+---------
         Total |       0 |     220 |   0.0 |       0 |      61 |   0.0 |  1617
               +---------+---------+-------+---------+---------+-------+---------
           D:1 |       0 |      33 |   0.0 |       0 |      19 |   0.0 |   769
           D:2 |       0 |      35 |   0.0 |       0 |      18 |   0.0 |   506
           D:3 |       0 |     152 |   0.0 |       0 |      24 |   0.0 |   342
               +---------+---------+-------+---------+---------+-------+---------
